 Dungeon Crawl Stone Soup version 0.27-a0-1158-gaa87e14f67 (webtiles) character file.

Game seed: 10865317550262128327

113 freelancePsychic the Magician (level 5, -4/35 HPs)
             Began as a Djinni Venom Mage on May 15, 2021.
             Slain by Crazy Yiuf
             ... wielding a +3 quarterstaff of chaos
              (6 damage)
             ... on level 3 of the Dungeon.
             The game lasted 00:03:53 (4412 turns).

freelancePsychic the Magician (Djinni Venom Mage)   Turns: 4412, Time: 00:03:54

Health: -4/35      AC:  3    Str:  7    XL:     5   Next: 17%
Gold:   118        EV: 12    Int: 18    God:
                   SH:  0    Dex: 13

rFire    + + .     SeeInvis .   j - +2 dagger (venom)
rCold    x . .     Faith    .   (no shield)
rNeg     + . .     Spirit   .   a - +0 robe
rPois    ∞         Reflect  .   (no helmet)
rElec    .         Harm     .   (no cloak)
rCorr    .         Rampage  .   l - +0 pair of gloves
Will     .....                  (boots unavailable)
Stlth    ++........             (no amulet)
HPRegen  0.11/turn              c - ring of positive energy
MPRegen  0.00/turn              (no ring)

@: flying
A: sickness immunity, fire resistance 2, cold vulnerability 1, float, innate
caster, hp casting, extra vitality 1
a: no special abilities


You were on level 3 of the Dungeon.
You visited 1 branch of the dungeon, and saw 3 of its levels.

You collected 118 gold pieces.

Inventory:

Hand Weapons
 j - a +2 dagger of venom (weapon)
Armour
 a - a +0 robe (worn)
 l - a +0 pair of gloves (worn)
Jewellery
 c - a ring of positive energy (left hand)
 f - a ring of flight
 g - a ring of fire
Scrolls
 b - a scroll of identify {unknown}
 d - a scroll of vulnerability {unknown}
 h - a scroll of magic mapping {unknown}
 k - a scroll of enchant armour {unknown}
 m - a scroll of fear {unknown}
 n - 2 scrolls of teleportation {unknown}
Potions
 e - a potion of degeneration {unknown}
 i - 2 potions of curing {unknown}
 o - 2 potions of cancellation {unknown}
 p - 2 potions of flight {unknown}


   Skills:
 - Level 2.1 Dodging
 - Level 1.5 Stealth
 + Level 4.2 Spellcasting


You couldn't memorise any spells.
You knew the following spells:

 Your Spells              Type           Power      Damage    Failure   Level
a - Freeze                Ice            76%        1d9       2%          1
b - Poisonous Vapours     Pois/Air       38%        N/A       3%          2
c - Mephitic Cloud        Conj/Pois/Air  19%        N/A       8%          3
d - Ignite Poison         Fire/Tmut/Pois 19%        N/A       8%          3
e - Olgreb's Toxic Radia  Pois           19%        N/A       24%         4
f - Sting                 Tmut/Pois      76%        1d6       2%          1
g - Wereblood             Tmut           19%        N/A       3%          2
Your spell library was empty.

Dungeon Overview and Level Annotations

Branches:
Dungeon (3/15)

Altars:

Annotations:
D:3 Crazy Yiuf


Innate Abilities, Weirdness & Mutations

You are immune to sickness and miasma.
You are immune to poison.
Your flesh is very heat resistant. (rF++)
You are vulnerable to cold. (rC-)
You float through the air rather than walking.
You learn spells naturally, not from books.
Your magical power is your life essence.
You have superior vitality. (+4 HP)


Message History

There is an open door here.
There is an open door here.
You see here a +0 club.
You reach down and open the door.
Crazy Yiuf cannot be affected by poisonous vapours!
Crazy Yiuf cannot be affected by poisonous vapours!
Casting: Poisonous Vapours (safe; 3% risk of failure)
Confirm with . or Enter, or press ? or * to list all spells.
Aiming: Freeze (safe; 2% risk of failure)
Press: ? - help, Shift-Dir - straight line, f - you, p - Crazy Yiuf
Okay, then.
Casting: Freeze (safe; 2% risk of failure)
Confirm with . or Enter, or press ? or * to list all spells.
Aiming: Freeze (safe; 2% risk of failure)
Press: ? - help, Shift-Dir - straight line, f/p - Crazy Yiuf
Aim: Crazy Yiuf, wielding a +3 quarterstaff of chaos and wearing a +0 cloak of poison resistance (wandering, hasn't noticed you)
You freeze Crazy Yiuf.
Crazy Yiuf shouts!
Crazy Yiuf is lightly wounded.
Crazy Yiuf hits you with a +3 quarterstaff of chaos.
You are electrocuted!
Casting: Freeze (safe; 2% risk of failure)
Confirm with . or Enter, or press ? or * to list all spells.
Aiming: Freeze (safe; 2% risk of failure)
Press: ? - help, Shift-Dir - straight line, f/p - Crazy Yiuf
Aim: Crazy Yiuf, wielding a +3 quarterstaff of chaos and wearing a +0 cloak of poison resistance (lightly wounded)
You freeze Crazy Yiuf!
Crazy Yiuf is heavily wounded.
Crazy Yiuf hits you with a +3 quarterstaff of chaos.
Casting: Freeze (safe; 2% risk of failure)
Confirm with . or Enter, or press ? or * to list all spells.
Aiming: Freeze (safe; 2% risk of failure)
Press: ? - help, Shift-Dir - straight line, f/p - Crazy Yiuf
Aim: Crazy Yiuf, wielding a +3 quarterstaff of chaos and wearing a +0 cloak of poison resistance (heavily wounded)
You freeze Crazy Yiuf.
Crazy Yiuf is almost dead.
Crazy Yiuf hits you with a +3 quarterstaff of chaos!
* * * LOW HITPOINT WARNING * * *
Crazy Yiuf freezes you.
You die...

.# ##.###### #....#
#.# #.#.#.
.###.......# #....#
#.###.##..
.##......### ♣.PP.♣
#.........
####...#.### ♣♣PP.♣
#####.###.
...........# ♣♣.♣♣
#..... #####.##.###
♣♣.♣ ###### #.##.#
♣.♣♣ # #.##.###
♣♣.♣ #......# ♣@♣♣
#.###### #g# ###
#.# ... ..# #.#
#...# ##########
#.###.###### #)..#
#........##
#.#........# #####
#.###......
#.#.#.######
#.###.##.##
#.#....############
#........#
#.#.....##........#
#####.####


You could see Crazy Yiuf.

Vanquished Creatures
  An iguana (D:2)
  2 adders
  3 dart slugs
  An orc (D:3)
  6 bats
  7 endoplasms
  2 giant cockroaches (D:1)
  4 goblins
  10 hobgoblins
  4 kobolds
  2 quokkas
  7 ball pythons
  2 frilled lizards
  6 rats
57 creatures vanquished.

Notes
Turn   | Place    | Note
-------+----------+-------------------------------------------
     0 | D:1      | freelancePsychic the Djinni Venom Mage began the quest for
                  | the Orb.
     0 | D:1      | Reached XP level 1. HP: 15/15 MP: 0/0
   109 | D:1      | Reached XP level 2. HP: 2/21 MP: 0/0
   571 | D:1      | Reached skill level 3 in Spellcasting
   868 | D:1      | Reached XP level 3. HP: 22/25 MP: 0/0
   868 | D:1      | Learned a level 1 spell: Freeze
  1152 | D:1      | Found a faded altar of an unknown god.
  1878 | D:2      | Reached XP level 4. HP: 18/31 MP: 0/0
  3038 | D:2      | Reached skill level 4 in Spellcasting
  3219 | D:3      | Reached XP level 5. HP: 29/35 MP: 0/0
  3219 | D:3      | Learned a level 2 spell: Wereblood
  3838 | D:3      | Found a runed translucent door.
  3839 | D:3      | Noticed Crazy Yiuf
  4412 | D:3      | Slain by Crazy Yiuf

Illustrated notes

Levels and vault maps discovered:
D:1:      lemuel_arrival_funnel, layout_loops_cross,
          shapermc_ecumenical_altar_totnotflames
D:2:      minmay_evil_eye, layout_loops_ring
D:3:      layout_loops_corners, uniq_crazy_yiuf_cottage

Skill      XL: |  1  2  3  4 |
---------------+-------------+-----
Spellcasting   | 3 4 |  4.2
Dodging        | |  2.1
Stealth        | |  1.5

Action                   |  1- 3 |  4- 6 || total
-------------------------+-------+-------++-------
Melee: Unarmed           |     1 |       ||     1
       Dagger            |       |    20 ||    20
 Cast: Sting             |    44 |       ||    44
       Poisonous Vapours |    18 |    41 ||    59
       Freeze            |       |     7 ||     7
Armor: Robe              |     2 |     2 ||     4
Dodge: Dodged            |    20 |    12 ||    32

Table legend: (Time is in decaauts)
 A = Elapsed time spent in this place.
 B = Non-inter-level travel time spent in this place.
 C = Inter-level travel time spent in this place.
 D = Time resting spent in this place.
 E = Time spent auto-exploring this place.
 F = Levels seen in this place.
 G = Mean time per level.
                   A        B        C        D        E       F      G
               +--------+--------+--------+--------+--------+-----+--------+
         Total |   4410 |   4319 |     91 |    506 |   3532 |   3 | 1470.0 |
       Dungeon |   4410 |   4319 |     91 |    506 |   3532 |   3 | 1470.0 |
               +--------+--------+--------+--------+--------+-----+--------+

Top non-repeatable levels by time:
     D:1: 1837 daAuts
     D:2: 1335 daAuts
     D:3: 1237 daAuts
